 Dungeon Crawl Stone Soup version 0.25-a0-10-g2fe12d4386 (webtiles) character file.

Game seed: 894595252675021235, levelgen mode: deterministic

25377 MalarOregon the Arsonist (level 12, -4/106 HPs)
             Began as a Red Draconian Conjurer on Oct 15, 2019.
             Was an Elder of Vehumet.
             Slain by a yak (7 damage)
             ... on level 4 of the Lair of Beasts.
             The game lasted 00:56:39 (21186 turns).

MalarOregon the Arsonist (Red Draconian Conjurer)  Turns: 21186, Time: 00:56:39

Health: -4/106     AC: 12    Str: 11    XL:     12   Next: 89%
Magic:  6/33       EV: 16    Int: 20    God:    Vehumet [****..]
Gold:   753        SH:  5    Dex: 12    Spells: 6/27 levels left

rFire    + . .     SeeInvis .   U - +2 rapier (freeze)
rCold    + . .     Gourm    .   y - +0 buckler
rNeg     . . .     Faith    .   (armour unavailable)
rPois    .         Spirit   .   (helmet restricted)
rElec    .         Reflect  .   G - +0 cloak
rCorr    .         Harm     .   F - +1 pair of gloves
MR       .....                  L - +0 pair of boots
Stlth    ++........             (no amulet)
HPRegen  0.27/turn              s - ring of magical power
MPRegen  0.23/turn              o - ring of protection from cold

@: very slightly contaminated
A: breathe fire, unfitting armour, fire resistance 1, cold-blooded, AC +8
a: Breathe Fire, Renounce Religion


You were on level 4 of the Lair of Beasts.
You worshipped Vehumet.
Vehumet was greatly pleased with you.
You were hungry.

You visited 3 branches of the dungeon, and saw 17 of its levels.

You collected 753 gold pieces.

Inventory:

Hand Weapons
 U - a +2 rapier of freezing (weapon)
   (You found it on level 2 of the Lair of Beasts)
Missiles
 i - 13 boomerangs of dispersal {!f}
 n - 81 poisoned darts (quivered)
 q - 7 throwing nets {!f}
 v - 4 curare-tipped darts {!f}
Armour
 y - a +0 buckler (worn)
   (You found it on level 5 of the Dungeon)
 F - a +1 pair of gloves (worn)
   (You found it on level 2 of the Dungeon)
 G - a +0 cloak (worn)
   (You found it on level 1 of the Lair of Beasts)
 L - a +0 pair of boots (worn)
   (You found it on level 10 of the Dungeon)
Jewellery
 l - an uncursed ring of protection from magic
   (You found it on level 5 of the Dungeon)
 o - a ring of protection from cold (right hand)
   (You found it on level 5 of the Dungeon)
 s - a ring of magical power (left hand)
   (You found it on level 4 of the Dungeon)
 w - an uncursed ring of ice
   (You found it on level 3 of the Dungeon)
 J - an uncursed ring of protection from cold
   (You found it on level 1 of the Lair of Beasts)
 R - an uncursed ring of fire
   (You found it on level 2 of the Lair of Beasts)
 Y - an uncursed ring of resist corrosion
   (You found it on level 4 of the Lair of Beasts)
Wands
 c - a wand of disintegration (45)
   (You found it on level 5 of the Dungeon)
 d - a wand of iceblast (21)
   (You found it on level 4 of the Dungeon)
 u - a wand of paralysis (6)
   (You found it on level 10 of the Dungeon)
 x - a wand of acid (6)
   (You found it on level 1 of the Lair of Beasts)
 P - a wand of polymorph (8)
   (You found it on level 2 of the Lair of Beasts)
 Q - a wand of enslavement (11)
   (You found it on level 11 of the Dungeon)
Scrolls
 a - 7 scrolls of remove curse {@r2}
 h - a scroll of amnesia
 k - a scroll of magic mapping
 p - 4 scrolls of enchant weapon
 t - a scroll of fog
 B - 5 scrolls of enchant armour
 C - 6 scrolls of teleportation {@r4}
 E - a scroll of blinking
 I - 2 scrolls of vulnerability {unknown}
 M - 3 scrolls of immolation {!r}
 O - 2 scrolls of fear
 T - a scroll of holy word {unknown}
 V - a scroll of acquirement {unknown}
 X - a scroll of identify {@r1}
Potions
 b - 5 potions of brilliance
 f - 2 potions of magic
 g - 3 potions of haste {@q3}
 j - 3 potions of curing {@q1}
 m - a potion of cancellation
 r - a potion of mutation {!q}
 z - 2 potions of lignification {!q}
 A - 3 potions of flight
 D - a potion of degeneration {unknown}
 H - a potion of berserk rage
 K - a potion of ambrosia
 N - a potion of agility
 S - 2 potions of might {unknown}
 W - a potion of resistance
Comestibles
 e - 13 rations {!d}
 Z - 3 chunks of flesh


   Skills:
 + Level 9.7 Fighting
 + Level 8.9 Short Blades
 + Level 8.4 Dodging
 - Level 1.7 Stealth
 - Level 4.0 Shields
 + Level 8.4 Spellcasting
 + Level 9.9 Conjurations
 * Level 10.3 Fire Magic


You had 6 spell levels left.
You knew the following spells:

 Your Spells              Type           Power        Failure   Level  Hunger
a - Throw Flame           Conj/Fire      #####.       1%          2    None
b - Blink                 Tloc           N/A          12%         2    None
d - Ring of Flames        Chrm/Fire      ####......   100%        7    #######
i - Call Imp              Summ           #.......     12%         2    None
x - Iskenderun's Mystic   Conj           #####...     1%          4    ###....
y - Olgreb's Toxic Radia  Pois           #.......     21%         4    ###....

Your spell library contained the following spells:

 Spells                   Type           Power        Failure   Level  Hunger
 Inner Flame              Hex/Fire       ####....     1%          3    None
 Magic Dart               Conj           ####         1%          1    None
 Searing Ray              Conj           #####.       1%          2    None
 Conjure Flame            Conj/Fire      #####...     1%          3    None
 Dazzling Spray           Conj/Hex       ####..       1%          3    None
 Mephitic Cloud           Conj/Pois/Air  ###.....     1%          3    None
 Force Lance              Conj/Tloc      ####....     3%          4    ###....
 Fulminant Prism          Conj/Hex       ####......   3%          4    ###....
 Apportation              Tloc           #.....       9%          1    None
 Beastly Appendage        Tmut           #.....       9%          1    None
 Summon Butterflies       Summ           #.......     9%          1    None
 Summon Small Mammal      Summ           #...         9%          1    None
 Poisonous Vapours        Pois/Air       #.....       12%         2    None
 Slow                     Hex            #.......     12%         2    None
 Sticks to Snakes         Tmut           #.......     12%         2    None
 Call Canine Familiar     Summ           #.......     24%         3    None
 Lesser Beckoning         Tloc           #.........   24%         3    None
 Spider Form              Tmut/Pois      #.........   24%         3    None
 Summon Guardian Golem    Hex/Summ       #.......     24%         3    None
 Tukima's Dance           Hex            #.......     24%         3    None
 Freezing Cloud           Conj/Ice/Air   ###.......   58%         6    ######.
 Ice Form                 Ice/Tmut       #.......     63%         4    ###....
 Summon Ice Beast         Ice/Summ       #.......     63%         4    ###....
 Summon Lightning Spire   Summ/Air       #.......     63%         4    ###....
 Alistair's Intoxication  Tmut/Pois      #.......     92%         5    #####..
 Blade Hands              Tmut           #.........   92%         5    #####..
 Invisibility             Hex            #.......     100%        6    ######.


Dungeon Overview and Level Annotations

Branches:
Dungeon (12/15)            Temple (1/1) D:6            Lair (4/6) D:11
  Swamp (0/4) Lair:3        Snake (0/4) Lair:2
    Orc: D:9-12

Altars:
Ashenzari
Cheibriados
Dithmenos
Elyvilon
Fedhas
Gozag
Hepliaklqana
Kikubaaqudgha
Makhleb
Nemelex Xobeh
Okawaru
Qazlal
Ru
Sif Muna
Trog
Uskayaw
Vehumet
Wu Jian
Xom
Yredelemnul
Zin
The Shining One

Shops:
D:7 %

Annotations:
D:5 1 runed translucent door, Crazy Yiuf
Lair:3 exclusion: 4 oklob plants


Innate Abilities, Weirdness & Mutations

You can breathe blasts of fire.
Your fiery red scales are hard. (AC +8)
You cannot fit into any form of body armour.
Your flesh is heat resistant. (rF+)
You are cold-blooded and may be slowed by cold attacks.


Message History

The orb of energy hits the komodo dragon!
You feel sick.
Unknown command.
Aim: a komodo dragon (lightly wounded)
The puff of flame hits the komodo dragon.
You feel sick.
A yak comes into view. x3
Aim: a komodo dragon (moderately wounded)
The puff of flame hits the komodo dragon.
You feel sick.
You begin to radiate toxic energy.
The yak is poisoned. x2
The komodo dragon is poisoned.
You are feeling hungry.
The yak looks even sicker.
The komodo dragon looks even sicker.
You feel sick.
The yak looks even sicker. x2
Your toxic aura wanes.
You feel sick.
You feel sick.
You miscast Olgreb's Toxic Radiance.
You are very lightly contaminated with residual magic.
You feel slightly ill.
Okay, then.
You feel sick.
You feel sick.
You see here a crocodile skeleton.
A yak comes into view.
You feel sick.
You feel sick.
You have got your breath back.
You feel sick.
The komodo dragon looks more healthy.
You feel sick.
The yak looks more healthy.
Aim: a komodo dragon (heavily wounded)
You breathe a blast of fire.
The fiery breath misses the komodo dragon.
You feel somewhat more hungry.
You hear a trumpeting!
You hear a bellow!
The komodo dragon is engulfed in blazing flames.
You hear a bellow!
The yak is engulfed in blazing flames.
You feel sick.
You see here a black mamba skeleton.
The komodo dragon bites you!
* * * LOW HITPOINT WARNING * * *
You feel sick.
You feel sick.
You are no longer poisoned.
You have got your breath back.
You blink.
The yak gores you!
You die...

......## ####### ### #
......#######.#.#.####.### #.#
#....................... ..#
#.................#..PP. #.#
#.................###.P. #.+
#...#.#####............. ##.#
#....## ##......#..... ...#
#...########............
.#.#######...P##@...#.....#......
.#.......÷....Y..Y..l§....#......
#.##..#.##...#.##.........#......
.#.#.###(#...##..###.......###.##
.#.#####......#....#......##..##.
#.#.###..#.......................
.#..#..#.#.......................
#...##..#........................
.....#..#................##P###.#


You could see a komodo dragon and 2 yaks.

Vanquished Creatures
  Erolcha (D:9)
  3 hydras
  Harold (D:9)
  A two-headed ogre (D:11)
  4 death yaks (Lair:2)
  A wolf spider (Lair:4)
  An elephant (Lair:4)
  2 black mambas
  A gargoyle (D:10)
  2 centaur zombies
  4 spiny frogs
  A rime drake (Lair:4)
  2 komodo dragons (Lair:1)
  2 hornets
  A troll (D:9)
  Grinder (D:3)
  15 blink frogs
  3 hippogriffs
  A bog body (Lair:3)
  A wyvern (Lair:2)
  Grum (Lair:1)
  12 yaks
  2 hungry ghosts
  3 nagas (Lair:2)
  2 water moccasins (Lair:2)
  6 porcupines
  A hornet zombie (D:7)
  6 orc warriors
  4 ice beasts
  2 sky beasts (D:7)
  A necrophage (D:8)
  10 ogres
  A phantom (D:10)
  6 wolves (Lair:1)
  4 crocodiles
  9 centaurs
  4 big kobolds
  6 bullfrogs
  A wyvern skeleton (D:9)
  10 killer bees
  4 wights (D:8)
  2 howler monkeys (D:11)
  3 crimson imps
  2 bullfrog zombies
  A quasit (D:5)
  5 hounds
  2 jellies
  A gnoll shaman (D:4)
  13 orc priests
  3 bullfrog skeletons
  A centaur skeleton (D:5)
  9 orc wizards
  2 iguanas
  8 worker ants
  Terence (D:3)
  A killer bee zombie (D:7)
  A hound zombie (D:7)
  7 adders
  13 gnolls
  3 shadow imps
  An ooze (D:2)
  3 adder skeletons
  5 worms
  A dart slug (D:1)
  6 leopard geckos
  49 orcs
  5 bats
  5 giant cockroaches
  5 goblins
  7 hobgoblins
  4 jackals
  2 quokkas
  3 frilled lizards
  11 kobolds
  A leopard gecko skeleton (D:6)
  2 rats (D:2)
  A plant (D:11)
332 creatures vanquished.

Vanquished Creatures (others)
  2 fungi (Lair:4)
  2 plants
4 creatures vanquished.

Grand Total: 336 creatures vanquished

Notes
Turn   | Place    | Note
-------+----------+-------------------------------------------
     0 | D:1      | MalarOregon the Draconian Conjurer began the quest for the
                  | Orb.
     0 | D:1      | Reached XP level 1. HP: 14/14 MP: 3/3
   562 | D:1      | Reached XP level 2. HP: 13/22 MP: 0/5
   825 | D:1      | Reached skill level 1 in Fighting
  1378 | D:2      | Learned a level 2 spell: Poisonous Vapours
  1396 | D:2      | Reached XP level 3. HP: 28/28 MP: 1/6
  1713 | D:2      | Learned a level 2 spell: Blink
  1716 | D:2      | Learned a level 2 spell: Call Imp
  1786 | D:2      | Reached skill level 1 in Short Blades
  1846 | D:2      | Reached XP level 4. HP: 35/35 MP: 2/7
  2378 | D:3      | Noticed an ice beast
  2527 | D:3      | Noticed Grinder
  2533 | D:3      | Paralysed by Grinder for 4 turns
  2551 | D:3      | Paralysed by Grinder for 7 turns
  2568 | D:3      | Paralysed by Grinder for 3 turns
  2830 | D:3      | Reached XP level 5. HP: 7/41 MP: 1/9
  3304 | D:3      | Noticed Terence
  3352 | D:3      | Killed Terence
  3553 | D:3      | Killed an ice beast
  3553 | D:3      | Reached XP level 6. HP: 30/50 MP: 0/10
  4167 | D:3      | Found a faded altar of an unknown god.
  4226 | D:4      | Reached skill level 5 in Conjurations
  4549 | D:4      | Noticed an ice beast
  4661 | D:4      | Killed an ice beast
  4661 | D:4      | Your scales start taking on a fiery red colour.
  4661 | D:4      | Reached XP level 7. HP: 7/57 MP: 0/12
  4661 | D:4      | Gained mutation: Your flesh is heat resistant. (rF+) [Red
                  | Draconian growth]
  4949 | D:4      | Learned a level 4 spell: Iskenderun's Mystic Blast
  5726 | D:3      | Found a faded altar of an unknown god.
  5796 | D:3      | Killed Grinder
  6037 | D:5      | Entered Level 5 of the Dungeon
  6358 | D:5      | Found a runed translucent door.
  6359 | D:5      | Noticed Crazy Yiuf
  6510 | D:5      | Reached XP level 8. HP: 61/66 MP: 0/14
  6986 | D:5      | Reached skill level 1 in Shields
  7746 | D:6      | Found a staircase to the Ecumenical Temple.
  7864 | Temple   | Entered the Ecumenical Temple
  8039 | Temple   | Became a worshipper of Vehumet
  8221 | D:6      | Reached skill level 5 in Fighting
  8541 | D:7      | Reached skill level 5 in Spellcasting
  8619 | D:7      | Reached XP level 9. HP: 41/74 MP: 7/16
  8980 | D:7      | Reached skill level 5 in Dodging
  9416 | D:7      | Reached skill level 5 in Short Blades
  9523 | D:7      | Found Ociata's Food Boutique.
  9928 | D:7      | Reached * piety under Vehumet
  9928 | D:7      | Offered knowledge of Sandblast by Vehumet.
 11638 | D:9      | Noticed Harold
 11676 | D:8      | Reached XP level 10. HP: 70/83 MP: 17/19
 11733 | D:9      | Killed Harold
 11767 | D:9      | Reached ** piety under Vehumet
 11767 | D:9      | Offered knowledge of Sting by Vehumet.
 11914 | D:9      | Learned a level 7 spell: Ring of Flames
 11936 | D:9      | Reached skill level 1 in Fire Magic
 11965 | D:9      | Noticed Erolcha
 11981 | D:9      | Killed Erolcha
 11981 | D:9      | Reached skill level 2 in Fire Magic
 12272 | D:9      | Paralysed by a hornet for 3 turns
 12273 | D:9      | Reached skill level 3 in Fire Magic
 12496 | D:9      | Found a sacrificial altar of Ru.
 12920 | D:10     | Entered Level 10 of the Dungeon
 12932 | D:10     | Reached skill level 4 in Fire Magic
 12986 | D:10     | Offered knowledge of Throw Flame by Vehumet.
 13037 | D:10     | Learned a level 2 spell: Throw Flame
 13154 | D:10     | Noticed a gargoyle
 13186 | D:10     | Killed a gargoyle
 13239 | D:10     | Reached XP level 11. HP: 92/92 MP: 14/21
 13244 | D:10     | Reached *** piety under Vehumet
 13407 | D:10     | Reached skill level 5 in Fire Magic
 13765 | D:10     | Offered knowledge of Olgreb's Toxic Radiance by Vehumet.
 13786 | D:10     | Learned a level 4 spell: Olgreb's Toxic Radiance
 14662 | D:11     | Reached **** piety under Vehumet
 14678 | D:11     | Noticed a two-headed ogre
 14700 | D:11     | Killed a two-headed ogre
 14784 | D:11     | Found a staircase to the Lair.
 14911 | D:11     | Reached skill level 6 in Fire Magic
 15349 | Lair:1   | Entered Level 1 of the Lair of Beasts
 16160 | Lair:1   | Noticed Grum
 16176 | Lair:1   | Killed Grum
 16176 | Lair:1   | Reached skill level 7 in Fire Magic
 16996 | Lair:1   | Offered knowledge of Inner Flame by Vehumet.
 17551 | Lair:2   | Reached skill level 8 in Fire Magic
 17555 | Lair:2   | Reached XP level 12. HP: 85/102 MP: 23/23
 17819 | Lair:2   | Found a staircase to the Snake Pit.
 18502 | Lair:3   | Noticed a death yak
 18502 | Lair:3   | Noticed a death yak
 18614 | Lair:3   | Noticed a death yak
 18717 | Lair:2   | Killed a death yak
 19020 | Lair:3   | Noticed a death yak
 19042 | Lair:2   | Reached skill level 9 in Fire Magic
 19378 | Lair:2   | HP: 4/104 [death yak (18)]
 19414 | Lair:2   | Killed a death yak
 19829 | Lair:2   | Killed a death yak
 19857 | Lair:2   | Killed a death yak
 20200 | Lair:3   | Found a staircase to the Swamp.
 20270 | Lair:3   | Noticed a four-headed hydra
 20281 | Lair:3   | Killed a four-headed hydra
 20681 | Lair:4   | Noticed a four-headed hydra
 20688 | Lair:4   | Killed a four-headed hydra
 20750 | Lair:4   | Noticed a seven-headed hydra
 20757 | Lair:4   | Killed a seven-headed hydra
 20757 | Lair:4   | Reached skill level 10 in Fire Magic
 21174 | Lair:4   | HP: 2/106 [komodo dragon (10)]
 21180 | Lair:4   | HP: 1/106 [poisoned by a wolf spider]
 21186 | Lair:4   | Slain by a yak

Levels and vault maps discovered:
D:1:      dpeg_arrival_water_temple_mockup, layout_loops_cross,
          hangedman_decor_clover_reticule
D:2:      layout_rooms, minmay_pentomino_r4
D:3:      layout_basic, chequers_ecumenical_altar_lobes, uniq_grinder,
          uniq_terence
D:4:      layout_loops_ring
D:5:      layout_gridville, first_ration, grunt_ministairs_13,
          uniq_crazy_yiuf_cottage
D:6:      layout_rooms, temple_hall
D:7:      layout_loops_corners, serial_shops, shop, serial_bayou_pond_c,
          minmay_unpleasant_kobolds
D:8:      layout_basic, grunt_pizzeria
D:9:      layout_basic, nicolae_ru_path_of_blood, uniq_harold, uniq_erolcha
D:10:     layout_rooms
D:11:     layout_loops_ring, dpeg_oklobed_lair
D:12:     layout_small_grid, erik_orc_4, gammafunk_ghost_icy
Temple:   minmay_crystal_snake_temple
Lair:1:   layout_gridlike, uniq_grum
Lair:2:   layout_misc_corridors, minmay_snake_entry_guardpost_small
Lair:3:   layout_loops_ring, skrybe_swamp_entry_bodies, st_stairs_7,
          minmay_lair_oklob_chamber
Lair:4:   layout_regular_city, minmay_shattered_shrine, lemuel_fruit_tree

Skill      XL: |  1  2  3  4  5  6  7  8  9 10 11 12 |
---------------+-------------------------------------+-----
Dodging        | 2 3 4 5 6 7 8 |  8.4
Fighting       | 1 2 3 4 5 6 7 8 9 |  9.7
Short Blades   | 1 2 3 4 5 6 7 8 |  8.9
Spellcasting   | 3 4 5 6 7 8 |  8.4
Conjurations   | 5 6 7 8 9 |  9.9
Shields        | 2 4 |  4.0
Fire Magic     | 4 8 10 | 10.3
Stealth        | |  1.7

Action                   |  1- 3 |  4- 6 |  7- 9 | 10-12 || total
-------------------------+-------+-------+-------+-------++-------
Melee: Unarmed           |    13 |       |       |       ||    13
       Short sword       |     8 |       |       |       ||     8
       Tailslap          |     8 |    19 |    41 |    46 ||   114
       Dagger            |    46 |   173 |   422 |   278 ||   919
       Rapier            |       |       |       |    52 ||    52
Throw: Dart              |       |     1 |       |     1 ||     2
 Cast: Magic Dart        |    56 |    47 |    11 |       ||   114
       Poisonous Vapours |     6 |    35 |    93 |    46 ||   180
       Call Imp          |       |     4 |       |       ||     4
       Iskenderun's Myst |       |       |    55 |    76 ||   131
       Throw Flame       |       |       |       |   234 ||   234
       Olgreb's Toxic Ra |       |       |       |    67 ||    67
       Blink             |       |       |       |     1 ||     1
 Abil: Breathe Fire      |       |       |    11 |    15 ||    26
  Use: Scroll            |       |     7 |     7 |    13 ||    27
       Potion            |       |       |       |     1 ||     1
 Stab: Sleeping          |       |       |     2 |     3 ||     5
       Distracted        |       |       |       |     1 ||     1
  Eat: Chunk             |     4 |    11 |    20 |    32 ||    67
       Ration            |       |       |     5 |     5 ||    10
Armor: Skin              |    32 |    71 |   109 |    88 ||   300
Dodge: Dodged            |    50 |   142 |   243 |   325 ||   760
Block: Buckler           |       |       |    43 |    98 ||   141

Table legend:
 A = Non-vault XP
 B = Vault XP
 C = Vault XP percentage of total XP
 D = Non-vault monster count
 E = Vault monster count
 F = Vault count percentage of total count
                 A         B        C        D         E       F
            +---------+---------+-------+---------+---------+-------
      Total |   29629 |    6624 |  18.3 |     296 |      35 |  10.6
            +---------+---------+-------+---------+---------+-------
        D:1 |      37 |       0 |   0.0 |      19 |       0 |   0.0
        D:2 |     104 |      16 |  13.3 |      18 |       3 |  14.3
        D:3 |     268 |     309 |  53.6 |      20 |       2 |   9.1
        D:4 |     518 |       0 |   0.0 |      18 |       0 |   0.0
        D:5 |     605 |      96 |  13.7 |      12 |       6 |  33.3
        D:6 |     401 |       0 |   0.0 |       9 |       0 |   0.0
        D:7 |    1362 |     299 |  18.0 |      31 |       6 |  16.2
        D:8 |     997 |     130 |  11.5 |      19 |       1 |   5.0
        D:9 |    1903 |    1994 |  51.2 |      28 |       2 |   6.7
       D:10 |    2691 |       0 |   0.0 |      41 |       0 |   0.0
       D:11 |    2791 |       0 |   0.0 |      23 |       0 |   0.0
     Lair:1 |    3296 |     426 |  11.4 |      14 |       3 |  17.6
     Lair:2 |    9501 |     832 |   8.1 |      32 |       5 |  13.5
     Lair:3 |    2527 |     453 |  15.2 |       8 |       2 |  20.0
     Lair:4 |    2628 |    2069 |  44.0 |       4 |       5 |  55.6
            +---------+---------+-------+---------+---------+-------
